 Dungeon Crawl Stone Soup version 0.20.0-10-g0535bb4 (webtiles) character file.

750 Chiseanne the Skirmisher (level 7, 0/94 HPs)
             Began as a Minotaur Monk on June 4, 2017.
             Was a Believer of Makhleb.
             Killed from afar by Ijyb (10 damage)
             ... with a wand of lightning (?/15)
             ... on level 5 of the Dungeon.
             The game lasted 00:05:00 (3321 turns).

Chiseanne the Skirmisher (Minotaur Monk)            Turns: 3321, Time: 00:05:00

Health: 0/94       AC: 30    Str: 15    XL:     7   Next: 48%
Magic:  6/6        EV:  2    Int: 12    God:    Makhleb [**....]
Gold:   221        SH:  0    Dex: 15    Spells: 6/6 levels left

rFire    . . .     SeeInvis .   s - +2 flail (protect)
rCold    . . .     Gourm    .   (no shield)
rNeg     + + +     Faith    .   (armour currently unavailable)
rPois    +         Spirit   .   (helmet currently unavailable)
rElec    .         Reflect  .   (cloak currently unavailable)
rCorr    .         Harm     .   (gloves currently unavailable)
MR       .....     NoTele   +   (boots currently unavailable)
Stlth    ++........             (no amulet)
Regen    0.3/turn               i - +5 ring of intelligence
MPRegen  0.1/turn               (no ring)

@: tree-form, protection aura
A: (retaliatory headbutt)
a: Minor Destruction, Renounce Religion


You were on level 5 of the Dungeon.
You worshipped Makhleb.
Makhleb was pleased with you.
You were not hungry.
You were a tree.
You visited 2 branches of the dungeon, and saw 6 of its levels.

You collected 221 gold pieces.

Inventory:

Hand Weapons
 a - a +1 hand axe
 s - a +2 flail of protection (weapon)
Missiles
 b - 86 stones (quivered)
 e - 29 arrows
 f - 12 poisoned needles
 m - 41 sling bullets
 t - 8 tomahawks
 C - 16 bolts
Armour
 j - a +1 chain mail (melded)
 n - a +1 pair of gloves (melded)
Jewellery
 i - a +5 ring of intelligence (left branch)
 y - an uncursed ring of stealth {unknown}
Scrolls
 g - a scroll of enchant armour
 l - a scroll of teleportation
 o - 3 scrolls of identify
 q - 2 scrolls of remove curse
 u - a scroll of enchant weapon
 w - a scroll of fog
Potions
 k - 5 potions of curing {unknown}
 p - a potion of berserk rage {unknown}
 z - a potion of haste {unknown}
 D - a potion of invisibility {unknown}
Books
 x - a book of Changes

   Spells                             Type                      Level
   a - Beastly Appendage              Transmutation                1
   b - Sticks to Snakes               Transmutation                2
   c - Spider Form                    Transmutation/Poison         3
   d - Ice Form                       Ice/Transmutation            4
   e - Blade Hands                    Transmutation                5
 B - a book of Flames

   Spells                             Type                      Level
   a - Flame Tongue                   Conjuration/Fire             1
   b - Throw Flame                    Conjuration/Fire             2
   c - Conjure Flame                  Conjuration/Fire             3
   d - Inner Flame                    Hexes/Fire                   3
   e - Sticky Flame                   Conjuration/Fire             4
   f - Fireball                       Conjuration/Fire             5
Comestibles
 c - 4 bread rations
 h - a royal jelly
 r - 3 fruits
 E - 3 chunks of flesh


   Skills:
 * Level 6.1 Fighting
 * Level 5.9 Axes
 * Level 4.4 Armour
 * Level 6.0 Dodging
 - Level 1.5 Stealth


You had 6 spell levels left.
You didn't know any spells.

Dungeon Overview and Level Annotations

Branches:
Dungeon (5/15)             Temple (1/1) D:4

Altars:
Ashenzari
Cheibriados
Dithmenos
Elyvilon
Fedhas
Kikubaaqudgha
Makhleb
Nemelex Xobeh
Okawaru
Qazlal
Ru
Sif Muna
Trog
Xom
Zin
The Shining One

Annotations:
D:5 Ijyb


Innate Abilities, Weirdness & Mutations

((You reflexively headbutt those who attack you in melee.))
((You have a pair of horns on your head.))


Message History

You are too injured to fight recklessly!
You are too injured to fight recklessly!
You are too injured to fight recklessly!
You are too injured to fight recklessly!
You are too injured to fight recklessly!
You are too injured to fight recklessly!
You are too injured to fight recklessly!
You are too injured to fight recklessly!
You are too injured to fight recklessly!
You are too injured to fight recklessly!
You are too injured to fight recklessly!
You are too injured to fight recklessly!
You turn into a tree.
Your +1 pair of gloves melds into your body.
Your +1 chain mail melds into your body.
Your roots penetrate the ground.
Ijyb zaps a wand.
The bolt of lightning hits you!
* * * LOW HITPOINT WARNING * * *
Helpless, you fail to dodge the bolt of lightning.
You die...

,,,,****,* *,* *,* *,*
**,,,,,,,* *,##* *,* *,*
,**,****** *,..# *,* *>* ,**,*
**#.# *,* *,* ,**,* #####.# *,*
*,* ,**,******...#.# *,* *,*
,**,,,,,,,,*...# *,****,*
,****###,**,*#.#######..,,*,****
,,,,,,...****#..♣g......,,,,,,,*
*,*,***#.#* ##.#########*,****,*
*,*,* *#.###..# *,* *,**
*,*.######...#.# *,* *,,,
*,*.........##.# *,* *,,*
#.#*######...#.# *,****,,* #.#
#.....#.# *,,,,,,,* #.#
#.#...#.# ******,,* #.#
#.##.##.######****,,,,,,,*


You could see Ijyb.

Vanquished Creatures
  The ghost of dion0 the Skirmisher, a novice GrFi of Okawaru (D:5)
  The ghost of Zaque the Chiller, an amateur NaIE (D:3)
  A howler monkey (D:3)
  2 orc priests (D:3)
  A hound (D:5)
  An iguana (D:4)
  2 orc wizards (D:4)
  A worker ant (D:5)
  4 adders
  An adder skeleton (D:2)
  An adder zombie (D:2)
  2 worms
  4 dart slugs
  2 leopard geckos
  13 orcs
  A ball python (D:2)
  8 bats
  A bat skeleton (D:2)
  A giant cockroach (D:4)
  3 goblins
  2 hobgoblins (D:1)
  2 quokkas
  4 frilled lizards
  6 kobolds
  A quokka zombie (D:2)
  10 rats
76 creatures vanquished.

Notes
Turn   | Place    | Note
-------+----------+-------------------------------------------
     0 | D:1      | Chiseanne the Minotaur Monk began the quest for the Orb.
     0 | D:1      | Reached XP level 1. HP: 19/19 MP: 0/0
   405 | D:1      | Reached XP level 2. HP: 27/27 MP: 1/1
  1016 | D:2      | Reached skill level 1 in Armour
  1192 | D:2      | Reached XP level 3. HP: 28/33 MP: 2/2
  1506 | D:2      | Found a radiant altar of Vehumet.
  1508 | D:2      | Found a shimmering altar of Xom.
  1508 | D:2      | Found a burning altar of Makhleb.
  1510 | D:2      | Found a basalt altar of Yredelemnul.
  1510 | D:2      | Found a white marble altar of Elyvilon.
  1510 | D:2      | Found a shattered altar of Ashenzari.
  1685 | D:3      | Reached XP level 4. HP: 33/41 MP: 3/3
  1761 | D:3      | Noticed Zaque's ghost (amateur NaIE)
  1815 | D:3      | Killed Zaque's ghost
  1815 | D:3      | Reached XP level 5. HP: 26/47 MP: 4/4
  2056 | D:3      | Reached skill level 5 in Fighting
  2058 | D:3      | Reached skill level 5 in Dodging
  2058 | D:3      | Reached XP level 6. HP: 11/56 MP: 5/5
  2170 | D:3      | Reached skill level 5 in Axes
  2771 | D:4      | Found a staircase to the Ecumenical Temple.
  2795 | Temple   | Entered the Ecumenical Temple
  2934 | Temple   | Became a worshipper of Makhleb the Destroyer
  2934 | Temple   | Reached * piety under Makhleb
  2934 | Temple   | Reached ** piety under Makhleb
  2972 | D:4      | Found a glowing golden altar of the Shining One.
  3015 | D:4      | Found an ancient bone altar of Kikubaaqudgha.
  3021 | D:4      | Found a white marble altar of Elyvilon.
  3026 | D:4      | Found a sparkling altar of Nemelex Xobeh.
  3227 | D:5      | Entered Level 5 of the Dungeon
  3293 | D:5      | Noticed dion0's ghost (novice GrFi)
  3310 | D:5      | Killed dion0's ghost
  3310 | D:5      | Reached XP level 7. HP: 51/63 MP: 6/6
  3312 | D:5      | Noticed Ijyb
  3321 | D:5      | Killed from afar by Ijyb

Skill      XL: |  1  2  3  4  5  6 |
---------------+-------------------+-----
Fighting       | 4 5 6 |  6.1
Armour         | 1 2 3 4 |  4.4
Dodging        | 4 5 6 |  6.0
Axes           | 4 5 |  5.9
Stealth        | |  1.5

Action                   |  1- 3 |  4- 6 |  7- 9 || total
-------------------------+-------+-------+-------++-------
Melee: Hand axe          |    93 |    70 |       ||   163
       Headbutt          |    14 |    21 |     2 ||    37
       Flail             |       |    39 |     6 ||    45
  Use: Scroll            |     1 |     7 |       ||     8
       Potion            |       |     1 |     1 ||     2
 Stab: Sleeping          |     1 |       |       ||     1
  Eat: Chunk             |     2 |     6 |       ||     8
Armor: Scale mail        |     8 |       |       ||     8
       Chain mail        |    48 |    99 |     6 ||   153
       Skin              |       |     4 |       ||     4
Dodge: Dodged            |    36 |    59 |       ||    95
